 Dungeon Crawl Stone Soup version 0.28-a0-1429-gf3d713df7a (webtiles) character file.

Game seed: 17055358114691619006

17 Cheeritup the Caller (level 2, 0/15 HPs)
             Began as a Tengu Summoner on Jan 8, 2022.
             Succumbed to an adder's poison
             ... on level 1 of the Dungeon.
             The game lasted 00:04:09 (1235 turns).

Cheeritup the Caller (Tengu Summoner)               Turns: 1235, Time: 00:04:09

Health: 0/15       AC:  2    Str:  8    XL:     2   Next: 62%
Magic:  4/6        EV: 12    Int: 21    God:
Gold:   33         SH:  0    Dex: 14    Spells: 2/5 levels left

rFire   . . .      SeeInvis .   f - staff of conjuration
rCold   . . .      Faith    .   (no shield)
rNeg    . . .      Spirit   .   a - +0 robe
rPois   .          Reflect  .   (helmet restricted)
rElec   .          Harm     .   (no cloak)
rCorr   .          Rampage  .   (no gloves)
Will    .....                   (boots unavailable)
Stlth   ++........              (no amulet)
HPRegen 0.05/turn               c - +6 ring of intelligence
MPRegen 0.10/turn               (no ring)

@: lethally poisoned (0 -> -5)
A: beak, talons 3
a: no special abilities


You were on level 1 of the Dungeon.
You visited 1 branch of the dungeon, and saw 2 of its levels.

You collected 33 gold pieces.

Inventory:

Missiles
 d - 6 sling bullets
Armour
 a - a +0 robe (worn)
Magical Staves
 b - a staff of fire
 f - a staff of conjuration (weapon)
Jewellery
 c - a +6 ring of intelligence (left hand)


   Skills:
 * Level 0.2 Staves
 - Level 2.1 Dodging
 - Level 2.0 Stealth
 - Level 2.0 Spellcasting
 + Level 0.1 Conjurations
 + Level 5.6 Summonings


You had 2 spell levels left.
You knew the following spells:

 Your Spells              Type           Power      Damage    Failure   Level
a - Summon Small Mammal   Summ           100%       N/A       1%          1
b - Call Imp              Summ           25%        N/A       2%          2

Your spell library contained the following spells:

 Spells                   Type           Power      Damage    Failure   Level
 Call Canine Familiar     Summ           25%        N/A       4%          3
 Summon Guardian Golem    Hex/Summ       13%        N/A       14%         3
 Summon Lightning Spire   Summ/Air       13%        N/A       43%         4


Dungeon Overview and Level Annotations

Branches:
Dungeon (2/15)

Altars:

Shops:
D:1 [([


Innate Abilities, Weirdness & Mutations

You have a beak for a mouth.
You have claws for feet.


Message History

There is a stone staircase leading down here.
You climb downwards.
Found a curved glowing staff.
There is a stone staircase leading up here.
No target in view!
A dart slug comes into view.
A giant cockroach comes into view.
An adder comes into view.
A kobold comes into view. It is wielding a +0 dagger.
Found a scroll labelled POPARE PEROMA.
The kobold shouts!
The adder hisses angrily.
The kobold throws a stone.
The stone barely misses you.
You see here a staff of fire.
b - a staff of fire A hobgoblin comes into view.
Casting: Call Imp (safe; 2% risk of failure)
Confirm with . or Enter, or press ? or * to list all spells.
A beastly little devil appears in a puff of flame.
The hobgoblin shouts!
The dart slug launches a dart at you. The slug dart hits you.
Your crimson imp blinks!
The kobold throws a stone.
The stone barely misses you. The dart slug launches a dart at you.
The slug dart hits you. The hobgoblin closely misses you.
The dart slug launches a dart at you. The slug dart misses you.
There is a stone staircase leading up here.
The adder barely misses you. The hobgoblin closely misses you.
A stone appears from out of your range of vision.
The adder bites you.
* * * LOW HITPOINT WARNING * * *
You are lethally poisoned!
The adder poisons you!
You climb upwards.
* * * LOW HITPOINT WARNING * * *
You feel sick.
There is a stone staircase leading down here.
You die...

##.....###+#.#.##
#.#.#.####.###
##...............#
#.#.#..##....#
.............##..#
#.#.#.#.##.#.#
##...............#
#.....#.)###.#
#######...##....#
###.#.###.##.# #...+.....#
#.#.###..#.#
#...##....#####.#.#....#.#
#...##....#.....#.#.##....
#
#..∩.#.S.@..#####.#.####.#
# #....#..>.#.# #.#....#.#
##
#....#..g.#######.####.#.#
.##
#....+....'.....[.####.#.#
.)##
#....##...#########....#..
...## #....##...#
#.##.#####. #...##
#....''...# #.##)#####.
##...# #....##...#
#....#.....
#...###....######
#.####.####


You could see an adder and a hobgoblin.

Vanquished Creatures
  3 endoplasms (D:1)
  A giant cockroach (D:1)
  A hobgoblin (D:1)
  2 bats (D:1)
  2 goblins (D:1)
  4 kobolds (D:1)
  3 rats (D:1)
16 creatures vanquished.

Vanquished Creatures (collateral kills)
  A hobgoblin (D:1)
  A goblin (D:1)
2 creatures vanquished.

Grand Total: 18 creatures vanquished

Notes
Turn   | Place    | Note
-------+----------+-------------------------------------------
     0 | D:1      | Cheeritup the Tengu Summoner began the quest for the Orb.
     0 | D:1      | Reached XP level 1. HP: 10/10 MP: 4/4
   151 | D:1      | Found Patajich's Antique Armour Shop.
   173 | D:1      | Reached skill level 5 in Summonings
   308 | D:1      | Found a faded altar of an unknown god.
   446 | D:1      | Found Ufonoemp's Weapon Emporium.
   453 | D:1      | Reached XP level 2. HP: 14/15 MP: 3/6
   456 | D:1      | Learned a level 2 spell: Call Imp
   928 | D:1      | Found Poqyv's Armour Emporium.
  1235 | D:1      | Succumbed to an adder's poison

Illustrated notes

Levels and vault maps discovered:
D:1:      elethiomel_arrival_maze, layout_basic, serial_shops,
          nicolae_shop_competitors_out_of_business, shop,
          nicolae_shop_advertising_works [nicolae_subvault_shop_adworks],
          serial_curves, eino_curves_01, eino_curves_01, basic_ecumenical_altar,
          nrook_loot_triangle
D:2:      layout_basic, uniq_natasha

Skill      XL: |  1 |
---------------+----+-----
Summonings     | 5 |  5.6
Staves         | |  0.2
Dodging        | |  2.1
Stealth        | |  2.0
Spellcasting   | |  2.0
Conjurations   | |  0.1

Action                   || total
-------------------------++-------
Melee: Dagger            ||    13
       Kick              ||     8
       Unarmed           ||     2
       Punch             ||     1
       Hand axe          ||     7
       Staff             ||     6
       Peck              ||     4
 Cast: Summon Small Mamm ||     9
       Call Imp          ||     4
 Stab: Sleeping          ||     2
Armor: Robe              ||     4
Dodge: Dodged            ||    28

Table legend: (Time is in decaauts)
 A = Elapsed time spent in this place.
 B = Non-inter-level travel time spent in this place.
 C = Inter-level travel time spent in this place.
 D = Time resting spent in this place.
 E = Time spent auto-exploring this place.
 F = Levels seen in this place.
 G = Mean time per level.
                   A        B        C        D        E       F      G
               +--------+--------+--------+--------+--------+-----+--------+
         Total |   1236 |   1220 |     16 |    203 |    817 |   2 |  618.0 |
       Dungeon |   1236 |   1220 |     16 |    203 |    817 |   2 |  618.0 |
               +--------+--------+--------+--------+--------+-----+--------+

Top non-repeatable levels by time:
     D:1: 1222 daAuts
     D:2: 13 daAuts
